Vancouver Canucks vs San Jose Sharks
Created - Monday, April 14, 2025 at 08:52
Goals
|
| Vancouver Canucks |
1 |
4 |
1 |
6 |
| San Jose Sharks |
1 |
1 |
2 |
4 |
|
Shots
|
| Vancouver Canucks |
11 |
22 |
3 |
36 |
| San Jose Sharks |
11 |
6 |
19 |
36 |
|
1st period
1. Vancouver Canucks , Clayton Keller 16 (Anton Lundell 15, Noah Hanifin 16) at 2:56 (PP)
2. San Jose Sharks , Matthew Knies 12 (Jonathan Drouin 22, Adam Henrique 26) at 19:35
Penalties :
Tristan Jarry (SJS) for Slashing (Minor) at 1:34 - Alec Martinez served the penalty, Marcus Pettersson (SJS) for High sticking (Minor) at 7:59, Max Domi (SJS) for Slashing (Minor) at 14:52
2nd period
3. Vancouver Canucks , Ryan McDonagh 2 (Unassisted) at 1:37
4. Vancouver Canucks , Jesperi Kotkaniemi 4 (Connor Zary 15) at 8:15
5. San Jose Sharks , Calle Jarnkrok 4 (Brandon Tanev 13, Christopher Tanev 11) at 12:32
6. Vancouver Canucks , Aku Raty 5 (Clayton Keller 25, Mikko Rantanen 21) at 15:08
7. Vancouver Canucks , Casey Mittelstadt 11 (Robby Fabbri 22) at 17:53
Penalties :
Noah Hanifin (VAN) for Hooking (Minor) at 3:55
3rd period
8. San Jose Sharks , Eeli Tolvanen 14 (Noel Acciari 4, Max Domi 21) at 3:58
9. San Jose Sharks , T.J. Oshie 19 (Max Domi 22, Christopher Tanev 12) at 11:12
10. Vancouver Canucks , Aku Raty 6 (Clayton Keller 26, Mikko Rantanen 22) at 17:27
Penalties :
Matthew Knies (SJS) for Boarding (Minor) at 1:43, Mikko Rantanen (VAN) for High sticking (Minor) at 11:34
Goalie Stats
Justus Annunen (VAN), 32 saves from 36 shots - (0.889), W, 4-7-0, 60:00 minutes
Tristan Jarry (SJS), 30 saves from 36 shots - (0.833), L, 4-7-0, 60:00 minutes
Players Stats for Vancouver Canucks
Player Name G A P +/- PIM S H SB GA TA FO MP PP MP PK MP
------------------------------------------------------------------------------------
Aku Raty 2 0 2 1 0 2 2 0 0 1 10/30 17:09 0:12 0:00
Anton Lundell 0 1 1 -2 0 2 1 1 1 0 1/3 9:59 2:55 0:33
Artturi Lehkonen 0 0 0 0 0 5 2 0 0 0 1/1 20:15 3:06 1:56
Brett Leason 0 0 0 0 0 0 2 1 0 1 0/0 18:39 4:01 1:43
Casey Mittelstadt 1 0 1 2 0 2 1 0 0 0 5/9 14:55 0:12 2:12
Chad Ruhwedel 0 0 0 0 0 1 0 2 0 1 0/0 17:37 0:00 2:28
Clayton Keller 1 2 3 1 0 3 1 1 1 1 1/2 21:40 3:06 0:00
Connor Zary 0 1 1 0 0 4 1 0 0 0 0/1 17:45 4:01 0:00
Emil Martinsen Lilleberg 0 0 0 0 0 1 1 2 0 2 0/0 14:48 0:00 0:04
Jacob Bernard-Docker 0 0 0 0 0 0 0 1 0 0 0/0 16:08 0:00 0:04
Jesperi Kotkaniemi 1 0 1 0 0 2 0 0 0 0 9/13 15:03 0:00 0:30
Matias Maccelli 0 0 0 -2 0 0 0 0 0 0 0/0 5:30 0:00 0:00
Mikko Rantanen 0 2 2 1 2 8 0 2 0 1 2/7 23:26 3:18 1:02
Miro Heiskanen 0 0 0 0 0 1 1 1 0 3 0/0 24:52 4:24 2:38
Noah Hanifin 0 1 1 1 2 2 1 3 0 0 0/0 22:21 2:55 0:44
Robby Fabbri 0 1 1 2 0 1 1 0 2 0 0/0 14:30 4:01 0:00
Ryan McDonagh 1 0 1 0 0 2 1 1 0 1 0/0 21:13 4:24 1:58
Ty Dellandrea 0 0 0 0 0 0 0 1 0 0 0/0 0:09 0:00 0:00
Players Stats for San Jose Sharks
Player Name G A P +/- PIM S H SB GA TA FO MP PP MP PK MP
------------------------------------------------------------------------------------
Adam Henrique 0 1 1 0 0 3 1 0 0 0 12/18 19:51 2:02 3:37
Alec Martinez 0 0 0 -1 0 0 0 2 0 1 0/0 13:09 0:00 0:23
Brandon Tanev 0 1 1 -1 0 2 2 0 2 0 2/2 12:39 0:00 0:00
Calle Jarnkrok 1 0 1 1 0 3 1 0 0 1 1/1 7:41 0:00 0:00
Christopher Tanev 0 2 2 1 0 1 1 1 1 0 0/0 25:50 1:55 3:40
Connor Murphy 0 0 0 -1 0 1 2 1 0 1 0/0 21:24 2:03 3:39
Dmitry Orlov 0 0 0 -1 0 1 2 1 0 1 0/0 13:24 0:00 0:37
Eeli Tolvanen 1 0 1 1 0 1 1 0 1 0 0/1 9:37 1:56 0:00
Ilya Mikheyev 0 0 0 -1 0 1 1 1 0 0 8/19 14:05 0:00 0:00
Jonathan Drouin 0 1 1 -1 0 3 1 0 2 0 1/3 19:35 1:56 3:34
Kevin Fiala 0 0 0 0 0 3 1 0 1 0 0/1 20:05 2:02 3:45
Marcus Pettersson 0 0 0 1 2 0 0 3 0 0 0/0 24:49 1:55 2:40
Matthew Knies 1 0 1 -1 2 4 2 0 1 0 1/2 16:06 1:56 0:00
Max Domi 0 2 2 -1 2 4 0 0 1 0 6/11 13:21 0:00 0:08
Noel Acciari 0 1 1 1 0 1 0 0 0 0 3/4 7:41 0:00 0:00
Sean Durzi 0 0 0 -1 0 2 0 1 1 0 0/0 21:24 2:03 3:39
T.J. Oshie 1 0 1 -1 0 4 1 0 0 0 0/0 12:39 0:00 0:00
Yegor Sharangovich 0 0 0 0 0 2 1 0 1 0 3/4 19:18 2:02 3:34
3 Stars
1 - Aku Raty (VAN)
2 - Clayton Keller (VAN)
3 - Casey Mittelstadt (VAN)
Power Play
Vancouver Canucks - 1 on 3 Attempt(s) - 33.33%
San Jose Sharks - 0 on 3 Attempt(s) - 0.00%
Penalty Kill
Vancouver Canucks - 3 on 3 Attempt(s) - 100.00%
- Score 0 goal in Penalty Kill
San Jose Sharks - 2 on 3 Attempt(s) - 66.67%
- Score 0 goal in Penalty Kill
Team Stat
Vancouver Canucks - Hits : 15 - Faceoff Wins : 29 - Blocked Shots : 16 - Penalty Minutes : 4
San Jose Sharks - Hits : 17 - Faceoff Wins : 37 - Blocked Shots : 10 - Penalty Minutes : 8
Official
Referees : Conor O'Donnell and Marc Joannette
Linesman : Travis Gawryletz and David Brisebois
Game Notes
Ty Dellandrea is injured at 0:53 of 1st period (Sore Right Knee)
1:37 of 2nd period - Penalty Shot by Ryan McDonagh for Vancouver Canucks - Goal!
Finance
Level 1 -- Attendance: 4777 (79.62%) -- Ticket Income $463,369
Level 2 -- Attendance: 4760 (95.20%) -- Ticket Income $271,320
Level 3 -- Attendance: 2900 (96.67%) -- Ticket Income $95,700
Level 4 -- Attendance: 4946 (98.92%) -- Ticket Income $108,812
Luxury Box -- Attendance: 998 (99.80%) -- Ticket Income $192,614
Game was played at the SAP Center at San Jose.
Total Attendance: 18381 (91.91%)
Total Ticket Income: $1,131,815
Other Income: $396,135
Total Income: $1,527,950
Vancouver Canucks
5 vs 5 Forward
Center Left Wing Right Wing Time % Phy DF OF
1 Aku Raty Clayton Keller Mikko Rantanen 40 1 1 3
2 Jesperi Kotkaniemi Connor Zary Artturi Lehkonen 30 1 2 2
3 Casey Mittelstadt Robby Fabbri Ty Dellandrea 20 1 2 2
4 Anton Lundell Matias Maccelli Brett Leason 10 1 3 1
5 vs 5 Defense
Defense Defense Time % Phy DF OF
1 Noah Hanifin Miro Heiskanen 30 1 2 2
2 Ryan McDonagh Emil Martinsen Lilleberg 30 1 2 2
3 Chad Ruhwedel Jacob Bernard-Docker 25 1 2 2
4 Noah Hanifin Miro Heiskanen 15 1 2 2
PowerPlay Forward
Center Left Wing Right Wing Time % Phy DF OF
1 Mikko Rantanen Clayton Keller Artturi Lehkonen 50 0 1 4
2 Brett Leason Connor Zary Robby Fabbri 50 0 1 4
PowerPlay Defense
Defense Defense Time % Phy DF OF
1 Ryan McDonagh Miro Heiskanen 50 0 1 4
2 Noah Hanifin Anton Lundell 50 0 1 4
Penalty Kill 4 Players Forward
Center Wing Time % Phy DF OF
1 Mikko Rantanen Brett Leason 50 1 2 2
2 Artturi Lehkonen Ty Dellandrea 50 1 2 2
Penalty Kill 4 Players Defense
Defense Defense Time % Phy DF OF
1 Ryan McDonagh Noah Hanifin 50 1 2 2
2 Miro Heiskanen Chad Ruhwedel 50 1 2 2
Penalty Kill - 3 Players Forward
Forward Time % Phy DF OF
1 Brett Leason 50 1 2 2
2 Clayton Keller 50 1 2 2
Penalty Kill - 3 Players Defense
Defense Defense Time % Phy DF OF
1 Ryan McDonagh Noah Hanifin 50 1 2 2
2 Miro Heiskanen Chad Ruhwedel 50 1 2 2
4 vs 4 Forward
Center Wing Time % Phy DF OF
1 Mikko Rantanen Clayton Keller 50 1 2 2
2 Brett Leason Matias Maccelli 50 1 2 2
4 vs 4 Defense
Defense Defense Time % Phy DF OF
1 Noah Hanifin Miro Heiskanen 50 1 2 2
2 Ryan McDonagh Emil Martinsen Lilleberg 50 1 2 2
Last Minutes Offensive
Center Left Wing Right Wing Defense Defense
Aku Raty Clayton Keller Mikko Rantanen Ryan McDonagh Miro Heiskanen
Last Minutes Defensive
Center Left Wing Right Wing Defense Defense
Aku Raty Artturi Lehkonen Brett Leason Noah Hanifin Miro Heiskanen
Goaltenders
Starting : Justus Annunen
Backup : Ville Husso
Extra Forwards
Normal : Brett Leason, Mikko Rantanen, Clayton Keller - PP : Clayton Keller, Mikko Rantanen - PK : Mikko Rantanen
Extra Defensemen
Normal : Noah Hanifin, Miro Heiskanen, Ryan McDonagh - PP : Noah Hanifin - PK : Noah Hanifin, Miro Heiskanen
Penalty Shots
Artturi Lehkonen, Mikko Rantanen, Clayton Keller, Brett Leason, Miro Heiskanen
Scratches
Adam Boqvist (Healthy), Aleksander Barkov (Sore Left Knee Injury), Jacob Bryson (Healthy), Joonas Korpisalo (Healthy)
San Jose Sharks
5 vs 5 Forward
Center Left Wing Right Wing Time % Phy DF OF
1 Adam Henrique Kevin Fiala Yegor Sharangovich 30 1 2 2
2 Ilya Mikheyev Matthew Knies Jonathan Drouin 30 1 2 2
3 Max Domi Brandon Tanev T.J. Oshie 25 1 2 2
4 Noel Acciari Eeli Tolvanen Calle Jarnkrok 15 1 2 2
5 vs 5 Defense
Defense Defense Time % Phy DF OF
1 Marcus Pettersson Christopher Tanev 30 1 2 2
2 Sean Durzi Connor Murphy 30 1 2 2
3 Alec Martinez Dmitry Orlov 25 1 2 2
4 Marcus Pettersson Christopher Tanev 15 1 2 2
PowerPlay Forward
Center Left Wing Right Wing Time % Phy DF OF
1 Adam Henrique Kevin Fiala Yegor Sharangovich 50 1 2 2
2 Eeli Tolvanen Matthew Knies Jonathan Drouin 50 1 2 2
PowerPlay Defense
Defense Defense Time % Phy DF OF
1 Marcus Pettersson Christopher Tanev 50 1 2 2
2 Sean Durzi Connor Murphy 50 1 2 2
Penalty Kill 4 Players Forward
Center Wing Time % Phy DF OF
1 Adam Henrique Kevin Fiala 50 1 2 2
2 Yegor Sharangovich Jonathan Drouin 50 1 2 2
Penalty Kill 4 Players Defense
Defense Defense Time % Phy DF OF
1 Marcus Pettersson Christopher Tanev 50 1 2 2
2 Sean Durzi Connor Murphy 50 1 2 2
Penalty Kill - 3 Players Forward
Forward Time % Phy DF OF
1 Adam Henrique 50 1 2 2
2 Noel Acciari 50 1 2 2
Penalty Kill - 3 Players Defense
Defense Defense Time % Phy DF OF
1 Marcus Pettersson Christopher Tanev 50 1 2 2
2 Sean Durzi Connor Murphy 50 1 2 2
4 vs 4 Forward
Center Wing Time % Phy DF OF
1 Adam Henrique Kevin Fiala 50 1 2 2
2 Yegor Sharangovich Jonathan Drouin 50 1 2 2
4 vs 4 Defense
Defense Defense Time % Phy DF OF
1 Marcus Pettersson Christopher Tanev 50 1 2 2
2 Sean Durzi Connor Murphy 50 1 2 2
Last Minutes Offensive
Center Left Wing Right Wing Defense Defense
Adam Henrique Kevin Fiala Yegor Sharangovich Marcus Pettersson Christopher Tanev
Last Minutes Defensive
Center Left Wing Right Wing Defense Defense
Adam Henrique Kevin Fiala Yegor Sharangovich Marcus Pettersson Christopher Tanev
Goaltenders
Starting : Tristan Jarry
Backup : Stuart Skinner
Extra Forwards
Normal : Adam Henrique, Eeli Tolvanen, Max Domi - PP : Adam Henrique, Eeli Tolvanen - PK : Max Domi
Extra Defensemen
Normal : Alec Martinez, Dmitry Orlov, Sean Durzi - PP : Alec Martinez - PK : Dmitry Orlov, Sean Durzi
Penalty Shots
Adam Henrique, Kevin Fiala, Yegor Sharangovich, Jonathan Drouin, T.J. Oshie
Scratches
Ryan Johansen (Healthy), Kasperi Kapanen (Healthy), Nick Perbix (Healthy), Clay Stevenson (Healthy)
% Time on Ice - Vancouver Canucks
Lines # - Real PCT - Wanted PCT - Time Play
Normal Forward
1 - 37% - 40% - 17:55
2 - 30% - 30% - 14:25
3 - 23% - 20% - 11:08
4 - 11% - 10% - 5:15
Normal Defense
1 - 28% - 30% - 13:51
2 - 29% - 30% - 14:16
3 - 31% - 25% - 15:09
4 - 11% - 15% - 5:27
PP Forward
1 - 45% - 50% - 3:18
2 - 55% - 50% - 4:01
PP Defense
1 - 60% - 50% - 4:24
2 - 40% - 50% - 2:55
PK Forward
1 - 43% - 50% - 1:43
2 - 57% - 50% - 2:15
PK Defense
1 - 51% - 50% - 2:02
2 - 49% - 50% - 1:56
PK3 Forward
1 - 0% - 50%
2 - 0% - 50%
PK3 Defense
1 - 0% - 50%
2 - 0% - 50%
44 Forward
1 - 0% - 50%
2 - 0% - 50%
44 Defense
1 - 0% - 50%
2 - 0% - 50%
Last Minute Offensive - 0:00
Last Minute Defensive - 0:00
Total
Forward - 60:00
Defense - 60:00
|
% Time on Ice - San Jose Sharks
Lines # - Real PCT - Wanted PCT - Time Play
Normal Forward
1 - 29% - 30% - 14:18
2 - 29% - 30% - 14:05
3 - 26% - 25% - 12:39
4 - 16% - 15% - 7:41
Normal Defense
1 - 29% - 30% - 14:22
2 - 32% - 30% - 15:42
3 - 26% - 25% - 12:46
4 - 12% - 15% - 5:53
PP Forward
1 - 51% - 50% - 2:02
2 - 49% - 50% - 1:56
PP Defense
1 - 48% - 50% - 1:55
2 - 52% - 50% - 2:03
PK Forward
1 - 51% - 50% - 3:45
2 - 49% - 50% - 3:34
PK Defense
1 - 50% - 50% - 3:40
2 - 50% - 50% - 3:39
PK3 Forward
1 - 0% - 50%
2 - 0% - 50%
PK3 Defense
1 - 0% - 50%
2 - 0% - 50%
44 Forward
1 - 0% - 50%
2 - 0% - 50%
44 Defense
1 - 0% - 50%
2 - 0% - 50%
Last Minute Offensive - 0:00
Last Minute Defensive - 0:00
Total
Forward - 60:00
Defense - 60:00
|
Play-by-Play
1st period
0:01 of 1st period - Adam Henrique wins face-off versus Aku Raty in neutral zone.
0:47 of 1st period - Icing by Artturi Lehkonen.
0:48 of 1st period - Max Domi wins face-off versus Casey Mittelstadt in Vancouver Canucks zone.
0:51 of 1st period - Wrist shot by Brandon Tanev.
0:51 of 1st period - Shot Misses the Net.
0:53 of 1st period - Wrist shot by T.J. Oshie.
0:53 of 1st period - Shot Blocked by Ty Dellandrea.
0:53 of 1st period - Ty Dellandrea from Vancouver Canucks is injured at 0:53 of 1st period (Sore Right Knee).
0:54 of 1st period - Noel Acciari wins face-off versus Anton Lundell in Vancouver Canucks zone.
0:59 of 1st period - Calle Jarnkrok is hit by Emil Martinsen Lilleberg and loses puck.
1:06 of 1st period - Wrist shot by Matias Maccelli.
1:06 of 1st period - Shot Blocked by Marcus Pettersson.
1:24 of 1st period - Snap shot by Mikko Rantanen.
1:24 of 1st period - Stopped by Tristan Jarry without a rebound.
1:25 of 1st period - Aku Raty wins face-off versus Ilya Mikheyev in San Jose Sharks zone.
1:32 of 1st period - Slapshot by Clayton Keller.
1:32 of 1st period - Shot Blocked by Dmitry Orlov.
1:34 of 1st period - Slapshot by Chad Ruhwedel.
1:34 of 1st period - Stopped by Tristan Jarry without a rebound.
1:34 of 1st period - Minor Penalty to Tristan Jarry for Slashing.
1:35 of 1st period - Adam Henrique wins face-off versus Mikko Rantanen in San Jose Sharks zone.
2:38 of 1st period - Wrist shot by Connor Zary.
2:38 of 1st period - Stopped by Tristan Jarry without a rebound.
2:39 of 1st period - Clayton Keller wins face-off versus Kevin Fiala in San Jose Sharks zone.
2:40 of 1st period - Wrist shot by Mikko Rantanen.
2:40 of 1st period - Stopped by Tristan Jarry with a rebound.
2:42 of 1st period - Backhand shot by Anton Lundell.
2:42 of 1st period - Shot Blocked by Sean Durzi.
2:44 of 1st period - Slapshot by Noah Hanifin.
2:44 of 1st period - Shot Misses the Net.
2:46 of 1st period - Wrist shot by Artturi Lehkonen.
2:46 of 1st period - Shot Misses the Net.
2:48 of 1st period - Slapshot by Noah Hanifin.
2:48 of 1st period - Stopped by Tristan Jarry with a rebound.
2:50 of 1st period - Slapshot by Clayton Keller.
2:50 of 1st period - Shot Misses the Net.
2:54 of 1st period - Snap shot by Clayton Keller.
2:54 of 1st period - Shot Misses the Net.
2:56 of 1st period - Wrist shot by Clayton Keller.
2:56 of 1st period - Goal by Clayton Keller - Vancouver Canucks : 1 - San Jose Sharks : 0.
2:57 of 1st period - Jesperi Kotkaniemi wins face-off versus Adam Henrique in neutral zone.
3:04 of 1st period - Slapshot by Yegor Sharangovich.
3:04 of 1st period - Stopped by Justus Annunen with a rebound.
3:06 of 1st period - Slapshot by Connor Murphy.
3:06 of 1st period - Shot Misses the Net.
3:08 of 1st period - Snap shot by Adam Henrique.
3:08 of 1st period - Stopped by Justus Annunen with a rebound.
3:10 of 1st period - Backhand shot by Connor Murphy.
3:10 of 1st period - Shot Misses the Net.
3:12 of 1st period - Wrist shot by Yegor Sharangovich.
3:12 of 1st period - Shot Misses the Net.
4:24 of 1st period - Slapshot by Robby Fabbri.
4:24 of 1st period - Stopped by Tristan Jarry without a rebound.
4:25 of 1st period - Ilya Mikheyev wins face-off versus Aku Raty in San Jose Sharks zone.
4:32 of 1st period - Wrist shot by Ilya Mikheyev.
4:32 of 1st period - Stopped by Justus Annunen with a rebound.
4:34 of 1st period - Snap shot by Jonathan Drouin.
4:34 of 1st period - Stopped by Justus Annunen with a rebound.
6:02 of 1st period - Wrist shot by Artturi Lehkonen.
6:02 of 1st period - Stopped by Tristan Jarry with a rebound.
6:07 of 1st period - Off-side.
6:08 of 1st period - Calle Jarnkrok wins face-off versus Aku Raty in neutral zone.
6:39 of 1st period - Snap shot by Robby Fabbri.
6:39 of 1st period - Shot Blocked by Alec Martinez.
6:41 of 1st period - Snap shot by Robby Fabbri.
6:41 of 1st period - Deflect By Brett Leason.
6:41 of 1st period - Deflect By Yegor Sharangovich.
6:41 of 1st period - Shot Misses the Net.
6:41 of 1st period - Puck is out of play.
6:42 of 1st period - Jesperi Kotkaniemi wins face-off versus Ilya Mikheyev in San Jose Sharks zone.
7:19 of 1st period - Wrist shot by Brandon Tanev.
7:19 of 1st period - Stopped by Justus Annunen with a rebound.
7:36 of 1st period - Wrist shot by Yegor Sharangovich.
7:36 of 1st period - Shot Blocked by Brett Leason.
7:38 of 1st period - Slapshot by Adam Henrique.
7:38 of 1st period - Deflect By Chad Ruhwedel.
7:38 of 1st period - Stopped by Justus Annunen without a rebound.
7:39 of 1st period - Jesperi Kotkaniemi wins face-off versus Max Domi in Vancouver Canucks zone.
7:54 of 1st period - Slapshot by Artturi Lehkonen.
7:54 of 1st period - Deflect By Connor Murphy.
7:54 of 1st period - Stopped by Tristan Jarry without a rebound.
7:55 of 1st period - Aku Raty wins face-off versus Ilya Mikheyev in San Jose Sharks zone.
7:59 of 1st period - Minor Penalty to Marcus Pettersson for High sticking.
8:00 of 1st period - Yegor Sharangovich wins face-off versus Mikko Rantanen in San Jose Sharks zone.
8:37 of 1st period - Wrist shot by Connor Zary.
8:37 of 1st period - Shot Misses the Net.
8:39 of 1st period - Slapshot by Anton Lundell.
8:39 of 1st period - Shot Misses the Net.
9:50 of 1st period - Ryan McDonagh is hit by Dmitry Orlov and loses puck.
9:59 of 1st period - Penalty to Marcus Pettersson is over, Marcus Pettersson is back on ice.
11:04 of 1st period - Ryan McDonagh is hit by Christopher Tanev and loses puck.
11:33 of 1st period - Icing by Adam Henrique.
11:34 of 1st period - Adam Henrique wins face-off versus Casey Mittelstadt in San Jose Sharks zone.
11:34 of 1st period - Adam Henrique is hit by Robby Fabbri.
12:04 of 1st period - Backhand shot by Matias Maccelli.
12:04 of 1st period - Shot Blocked by Ilya Mikheyev.
12:22 of 1st period - Snap shot by Mikko Rantanen.
12:22 of 1st period - Stopped by Tristan Jarry with a rebound.
12:40 of 1st period - Slapshot by Casey Mittelstadt.
12:40 of 1st period - Shot Blocked by Alec Martinez.
13:00 of 1st period - Jacob Bernard-Docker is hit by Dmitry Orlov and loses puck.
13:39 of 1st period - Brett Leason is hit by Adam Henrique and loses puck.
14:15 of 1st period - Snap shot by Brandon Tanev.
14:15 of 1st period - Deflect By T.J. Oshie.
14:15 of 1st period - Shot Blocked by Mikko Rantanen.
14:15 of 1st period - Puck is out of play.
14:16 of 1st period - Adam Henrique wins face-off versus Casey Mittelstadt in Vancouver Canucks zone.
14:41 of 1st period - Chad Ruhwedel is hit by T.J. Oshie and loses puck.
14:52 of 1st period - Minor Penalty to Max Domi for Slashing.
14:53 of 1st period - Mikko Rantanen wins face-off versus Yegor Sharangovich in San Jose Sharks zone.
16:44 of 1st period - Wrist shot by Connor Zary.
16:44 of 1st period - Stopped by Tristan Jarry without a rebound.
16:45 of 1st period - Yegor Sharangovich wins face-off versus Mikko Rantanen in San Jose Sharks zone.
16:52 of 1st period - Penalty to Max Domi is over, Max Domi is back on ice.
17:40 of 1st period - Wrist shot by Calle Jarnkrok.
17:40 of 1st period - Stopped by Justus Annunen with a rebound.
17:42 of 1st period - Wrist shot by Matthew Knies.
17:42 of 1st period - Stopped by Justus Annunen with a rebound.
17:44 of 1st period - Snap shot by Jonathan Drouin.
17:44 of 1st period - Deflect By Matthew Knies.
17:44 of 1st period - Stopped by Justus Annunen with a rebound.
17:46 of 1st period - Snap shot by Ilya Mikheyev.
17:46 of 1st period - Deflect By Jonathan Drouin.
17:46 of 1st period - Stopped by Justus Annunen without a rebound.
17:47 of 1st period - Noel Acciari wins face-off versus Aku Raty in Vancouver Canucks zone.
18:02 of 1st period - Snap shot by Calle Jarnkrok.
18:02 of 1st period - Shot Blocked by Miro Heiskanen.
18:30 of 1st period - Slapshot by Sean Durzi.
18:30 of 1st period - Shot Blocked by Emil Martinsen Lilleberg.
18:36 of 1st period - Ryan McDonagh is hit by Brandon Tanev and loses puck.
19:17 of 1st period - Mikko Rantanen is hit by Calle Jarnkrok.
19:35 of 1st period - Slapshot by Jonathan Drouin.
19:35 of 1st period - Deflect By Matthew Knies.
19:35 of 1st period - Goal by Matthew Knies - Vancouver Canucks : 1 - San Jose Sharks : 1.
19:36 of 1st period - Ilya Mikheyev wins face-off versus Connor Zary in neutral zone.
19:49 of 1st period - Snap shot by Jonathan Drouin.
19:49 of 1st period - Shot Misses the Net.
Goals for this period are 1 for Vancouver Canucks vs 1 for San Jose Sharks.
Shots for this period are 11 for Vancouver Canucks vs 11 for San Jose Sharks.
2nd period
0:01 of 2nd period - Aku Raty wins face-off versus Adam Henrique in neutral zone.
0:52 of 2nd period - Icing by Alec Martinez.
0:53 of 2nd period - Noel Acciari wins face-off versus Aku Raty in San Jose Sharks zone.
1:10 of 2nd period - Snap shot by Clayton Keller.
1:10 of 2nd period - Shot Misses the Net.
1:37 of 2nd period - Penalty Shot by Ryan McDonagh for Vancouver Canucks.
1:37 of 2nd period - Snap shot by Ryan McDonagh.
1:37 of 2nd period - Goal by Ryan McDonagh - Vancouver Canucks : 2 - San Jose Sharks : 1.
1:38 of 2nd period - Aku Raty wins face-off versus Ilya Mikheyev in neutral zone.
1:39 of 2nd period - Aku Raty wins face-off versus Ilya Mikheyev in Vancouver Canucks zone.
1:39 of 2nd period - Aku Raty is hit by Jonathan Drouin.
1:53 of 2nd period - Snap shot by Mikko Rantanen.
1:53 of 2nd period - Stopped by Tristan Jarry with a rebound.
1:55 of 2nd period - Snap shot by Mikko Rantanen.
1:55 of 2nd period - Stopped by Tristan Jarry with a rebound.
2:05 of 2nd period - Adam Henrique is hit by Artturi Lehkonen and loses puck.
2:14 of 2nd period - Snap shot by Connor Zary.
2:14 of 2nd period - Stopped by Tristan Jarry with a rebound.
3:24 of 2nd period - Snap shot by Anton Lundell.
3:24 of 2nd period - Stopped by Tristan Jarry with a rebound.
3:26 of 2nd period - Wrist shot by Anton Lundell.
3:26 of 2nd period - Deflect By Brett Leason.
3:26 of 2nd period - Shot Misses the Net.
3:26 of 2nd period - Puck is out of play.
3:27 of 2nd period - Anton Lundell wins face-off versus Adam Henrique in San Jose Sharks zone.
3:30 of 2nd period - Slapshot by Anton Lundell.
3:30 of 2nd period - Shot Misses the Net.
3:32 of 2nd period - Snap shot by Anton Lundell.
3:32 of 2nd period - Stopped by Tristan Jarry with a rebound.
3:34 of 2nd period - Slapshot by Noah Hanifin.
3:34 of 2nd period - Shot Blocked by Marcus Pettersson.
3:40 of 2nd period - Slapshot by Matias Maccelli.
3:40 of 2nd period - Shot Blocked by Christopher Tanev.
3:55 of 2nd period - Minor Penalty to Noah Hanifin for Hooking.
3:56 of 2nd period - Adam Henrique wins face-off versus Mikko Rantanen in Vancouver Canucks zone.
4:02 of 2nd period - Snap shot by Kevin Fiala.
4:02 of 2nd period - Stopped by Justus Annunen without a rebound.
4:03 of 2nd period - Mikko Rantanen wins face-off versus Adam Henrique in Vancouver Canucks zone.
5:31 of 2nd period - Chad Ruhwedel is hit by Kevin Fiala and loses puck.
5:55 of 2nd period - Penalty to Noah Hanifin is over, Noah Hanifin is back on ice.
6:06 of 2nd period - Snap shot by Max Domi.
6:06 of 2nd period - Shot Misses the Net.
6:08 of 2nd period - Wrist shot by Max Domi.
6:08 of 2nd period - Shot Misses the Net.
6:10 of 2nd period - Snap shot by T.J. Oshie.
6:10 of 2nd period - Shot Blocked by Anton Lundell.
6:12 of 2nd period - Slapshot by Connor Murphy.
6:12 of 2nd period - Stopped by Justus Annunen with a rebound.
6:49 of 2nd period - Off-side.
6:50 of 2nd period - Max Domi wins face-off versus Jesperi Kotkaniemi in neutral zone.
6:53 of 2nd period - Snap shot by Max Domi.
6:53 of 2nd period - Stopped by Justus Annunen with a rebound.
6:55 of 2nd period - Snap shot by Marcus Pettersson.
6:55 of 2nd period - Shot Misses the Net.
7:11 of 2nd period - Adam Henrique is hit by Noah Hanifin.
7:32 of 2nd period - Dmitry Orlov is hit by Brett Leason and loses puck.
8:15 of 2nd period - Snap shot by Jesperi Kotkaniemi.
8:15 of 2nd period - Goal by Jesperi Kotkaniemi - Vancouver Canucks : 3 - San Jose Sharks : 1.
8:16 of 2nd period - Matthew Knies wins face-off versus Aku Raty in neutral zone.
8:31 of 2nd period - Wrist shot by Mikko Rantanen.
8:31 of 2nd period - Shot Misses the Net.
8:33 of 2nd period - Slapshot by Noah Hanifin.
8:33 of 2nd period - Deflect By Sean Durzi.
8:33 of 2nd period - Stopped by Tristan Jarry without a rebound.
8:34 of 2nd period - Adam Henrique wins face-off versus Jesperi Kotkaniemi in San Jose Sharks zone.
8:39 of 2nd period - Snap shot by Yegor Sharangovich.
8:39 of 2nd period - Shot Misses the Net.
9:50 of 2nd period - Icing by Marcus Pettersson.
9:51 of 2nd period - Adam Henrique wins face-off versus Aku Raty in San Jose Sharks zone.
10:07 of 2nd period - Wrist shot by Adam Henrique.
10:07 of 2nd period - Shot Misses the Net.
10:09 of 2nd period - Slapshot by Christopher Tanev.
10:09 of 2nd period - Deflect By Yegor Sharangovich.
10:09 of 2nd period - Shot Misses the Net.
10:09 of 2nd period - Puck is out of play.
10:10 of 2nd period - Casey Mittelstadt wins face-off versus Ilya Mikheyev in Vancouver Canucks zone.
10:10 of 2nd period - Casey Mittelstadt is hit by Connor Murphy.
10:18 of 2nd period - Slapshot by Robby Fabbri.
10:18 of 2nd period - Shot Misses the Net.
10:43 of 2nd period - Off-side.
10:44 of 2nd period - Max Domi wins face-off versus Aku Raty in neutral zone.
10:49 of 2nd period - Wrist shot by Brandon Tanev.
10:49 of 2nd period - Stopped by Justus Annunen without a rebound.
10:50 of 2nd period - Max Domi wins face-off versus Aku Raty in Vancouver Canucks zone.
10:56 of 2nd period - Snap shot by T.J. Oshie.
10:56 of 2nd period - Shot Misses the Net.
10:58 of 2nd period - Slapshot by Dmitry Orlov.
10:58 of 2nd period - Stopped by Justus Annunen with a rebound.
11:00 of 2nd period - Snap shot by Dmitry Orlov.
11:00 of 2nd period - Shot Blocked by Noah Hanifin.
11:14 of 2nd period - Backhand shot by Mikko Rantanen.
11:14 of 2nd period - Stopped by Tristan Jarry without a rebound.
11:15 of 2nd period - Jesperi Kotkaniemi wins face-off versus Jonathan Drouin in San Jose Sharks zone.
11:48 of 2nd period - Wrist shot by Casey Mittelstadt.
11:48 of 2nd period - Shot Misses the Net.
11:50 of 2nd period - Snap shot by Emil Martinsen Lilleberg.
11:50 of 2nd period - Shot Blocked by Marcus Pettersson.
12:32 of 2nd period - Slapshot by Calle Jarnkrok.
12:32 of 2nd period - Goal by Calle Jarnkrok - Vancouver Canucks : 3 - San Jose Sharks : 2.
12:33 of 2nd period - Aku Raty wins face-off versus Ilya Mikheyev in neutral zone.
13:10 of 2nd period - Slapshot by Clayton Keller.
13:10 of 2nd period - Stopped by Tristan Jarry without a rebound.
13:11 of 2nd period - Jesperi Kotkaniemi wins face-off versus Max Domi in San Jose Sharks zone.
13:22 of 2nd period - Snap shot by Connor Zary.
13:22 of 2nd period - Shot Misses the Net.
13:24 of 2nd period - Snap shot by Jesperi Kotkaniemi.
13:24 of 2nd period - Shot Misses the Net.
13:26 of 2nd period - Snap shot by Artturi Lehkonen.
13:26 of 2nd period - Stopped by Tristan Jarry with a rebound.
13:36 of 2nd period - Matthew Knies is hit by Brett Leason and loses puck.
13:45 of 2nd period - Wrist shot by Matthew Knies.
13:45 of 2nd period - Shot Misses the Net.
14:13 of 2nd period - Wrist shot by Jonathan Drouin.
14:13 of 2nd period - Deflect By Ilya Mikheyev.
14:13 of 2nd period - Shot Misses the Net.
14:13 of 2nd period - Puck is out of play.
14:14 of 2nd period - Jesperi Kotkaniemi wins face-off versus Adam Henrique in Vancouver Canucks zone.
14:27 of 2nd period - Slapshot by Connor Zary.
14:27 of 2nd period - Stopped by Tristan Jarry with a rebound.
14:29 of 2nd period - Snap shot by Artturi Lehkonen.
14:29 of 2nd period - Stopped by Tristan Jarry with a rebound.
14:41 of 2nd period - Icing by T.J. Oshie.
14:42 of 2nd period - Aku Raty wins face-off versus Max Domi in San Jose Sharks zone.
14:51 of 2nd period - Slapshot by Mikko Rantanen.
14:51 of 2nd period - Stopped by Tristan Jarry with a rebound.
15:00 of 2nd period - Snap shot by Clayton Keller.
15:00 of 2nd period - Shot Misses the Net.
15:06 of 2nd period - Snap shot by Clayton Keller.
15:06 of 2nd period - Shot Misses the Net.
15:08 of 2nd period - Snap shot by Aku Raty.
15:08 of 2nd period - Goal by Aku Raty - Vancouver Canucks : 4 - San Jose Sharks : 2.
15:09 of 2nd period - Jonathan Drouin wins face-off versus Aku Raty in neutral zone.
15:36 of 2nd period - Connor Murphy is hit by Connor Zary and loses puck.
16:25 of 2nd period - Wrist shot by Eeli Tolvanen.
16:25 of 2nd period - Shot Blocked by Jacob Bernard-Docker.
16:28 of 2nd period - Icing by Brett Leason.
16:29 of 2nd period - Ilya Mikheyev wins face-off versus Anton Lundell in Vancouver Canucks zone.
17:38 of 2nd period - Brandon Tanev is hit by Miro Heiskanen and loses puck.
17:43 of 2nd period - Wrist shot by Mikko Rantanen.
17:43 of 2nd period - Stopped by Tristan Jarry with a rebound.
17:45 of 2nd period - Slapshot by Emil Martinsen Lilleberg.
17:45 of 2nd period - Stopped by Tristan Jarry with a rebound.
17:47 of 2nd period - Slapshot by Ryan McDonagh.
17:47 of 2nd period - Stopped by Tristan Jarry without a rebound.
17:48 of 2nd period - Casey Mittelstadt wins face-off versus Jonathan Drouin in San Jose Sharks zone.
17:53 of 2nd period - Wrist shot by Casey Mittelstadt.
17:53 of 2nd period - Goal by Casey Mittelstadt - Vancouver Canucks : 5 - San Jose Sharks : 2.
17:54 of 2nd period - Ilya Mikheyev wins face-off versus Aku Raty in neutral zone.
18:08 of 2nd period - Snap shot by Jonathan Drouin.
18:08 of 2nd period - Shot Blocked by Noah Hanifin.
18:10 of 2nd period - Slapshot by Marcus Pettersson.
18:10 of 2nd period - Shot Misses the Net.
18:29 of 2nd period - Wrist shot by Artturi Lehkonen.
18:29 of 2nd period - Stopped by Tristan Jarry with a rebound.
18:31 of 2nd period - Slapshot by Jesperi Kotkaniemi.
18:31 of 2nd period - Stopped by Tristan Jarry with a rebound.
18:49 of 2nd period - Snap shot by Casey Mittelstadt.
18:49 of 2nd period - Stopped by Tristan Jarry without a rebound.
18:50 of 2nd period - Ilya Mikheyev wins face-off versus Aku Raty in San Jose Sharks zone.
18:54 of 2nd period - Off-side.
18:55 of 2nd period - Ilya Mikheyev wins face-off versus Aku Raty in neutral zone.
19:04 of 2nd period - Snap shot by Jonathan Drouin.
19:04 of 2nd period - Shot Blocked by Ryan McDonagh.
19:11 of 2nd period - Icing by Emil Martinsen Lilleberg.
19:12 of 2nd period - Adam Henrique wins face-off versus Aku Raty in Vancouver Canucks zone.
19:21 of 2nd period - Wrist shot by Adam Henrique.
19:21 of 2nd period - Shot Blocked by Emil Martinsen Lilleberg.
19:29 of 2nd period - Wrist shot by Clayton Keller.
19:29 of 2nd period - Stopped by Tristan Jarry without a rebound.
19:30 of 2nd period - Jesperi Kotkaniemi wins face-off versus Ilya Mikheyev in San Jose Sharks zone.
19:33 of 2nd period - Snap shot by Artturi Lehkonen.
19:33 of 2nd period - Shot Misses the Net.
19:35 of 2nd period - Snap shot by Connor Zary.
19:35 of 2nd period - Shot Misses the Net.
Goals for this period are 4 for Vancouver Canucks vs 1 for San Jose Sharks.
Shots for this period are 22 for Vancouver Canucks vs 6 for San Jose Sharks.
3rd period
0:01 of 3rd period - Ilya Mikheyev wins face-off versus Aku Raty in neutral zone.
0:04 of 3rd period - Snap shot by Jonathan Drouin.
0:04 of 3rd period - Deflect By Ilya Mikheyev.
0:04 of 3rd period - Shot Misses the Net.
0:04 of 3rd period - Puck is out of play.
0:05 of 3rd period - Aku Raty wins face-off versus Ilya Mikheyev in Vancouver Canucks zone.
1:00 of 3rd period - Slapshot by Calle Jarnkrok.
1:00 of 3rd period - Stopped by Justus Annunen without a rebound.
1:01 of 3rd period - Brandon Tanev wins face-off versus Clayton Keller in Vancouver Canucks zone.
1:28 of 3rd period - Ryan McDonagh is hit by Ilya Mikheyev and loses puck.
1:43 of 3rd period - Minor Penalty to Matthew Knies for Boarding.
1:44 of 3rd period - Yegor Sharangovich wins face-off versus Mikko Rantanen in San Jose Sharks zone.
2:05 of 3rd period - Wrist shot by Jonathan Drouin.
2:05 of 3rd period - Shot Blocked by Noah Hanifin.
2:27 of 3rd period - Wrist shot by Robby Fabbri.
2:27 of 3rd period - Shot Misses the Net.
3:41 of 3rd period - Kevin Fiala is hit by Aku Raty and loses puck.
3:43 of 3rd period - Penalty to Matthew Knies is over, Matthew Knies is back on ice.
3:56 of 3rd period - Snap shot by Noel Acciari.
3:56 of 3rd period - Stopped by Justus Annunen with a rebound.
3:58 of 3rd period - Slapshot by Eeli Tolvanen.
3:58 of 3rd period - Goal by Eeli Tolvanen - Vancouver Canucks : 5 - San Jose Sharks : 3.
3:59 of 3rd period - Jesperi Kotkaniemi wins face-off versus Ilya Mikheyev in neutral zone.
4:08 of 3rd period - Slapshot by Sean Durzi.
4:08 of 3rd period - Stopped by Justus Annunen with a rebound.
4:10 of 3rd period - Snap shot by Sean Durzi.
4:10 of 3rd period - Shot Misses the Net.
4:12 of 3rd period - Snap shot by Matthew Knies.
4:12 of 3rd period - Deflect By Jonathan Drouin.
4:12 of 3rd period - Stopped by Justus Annunen with a rebound.
4:14 of 3rd period - Snap shot by Ilya Mikheyev.
4:14 of 3rd period - Shot Blocked by Chad Ruhwedel.
4:26 of 3rd period - Icing by Sean Durzi.
4:27 of 3rd period - Max Domi wins face-off versus Casey Mittelstadt in San Jose Sharks zone.
4:32 of 3rd period - Robby Fabbri is hit by Brandon Tanev and loses puck.
4:37 of 3rd period - Wrist shot by T.J. Oshie.
4:37 of 3rd period - Stopped by Justus Annunen without a rebound.
4:38 of 3rd period - Adam Henrique wins face-off versus Aku Raty in Vancouver Canucks zone.
4:53 of 3rd period - Adam Henrique is hit by Clayton Keller and loses puck.
5:04 of 3rd period - Jesperi Kotkaniemi is hit by Matthew Knies and loses puck.
5:34 of 3rd period - Snap shot by Ryan McDonagh.
5:34 of 3rd period - Stopped by Tristan Jarry with a rebound.
6:16 of 3rd period - Chad Ruhwedel is hit by Yegor Sharangovich.
7:31 of 3rd period - Wrist shot by Yegor Sharangovich.
7:31 of 3rd period - Stopped by Justus Annunen with a rebound.
7:33 of 3rd period - Snap shot by Yegor Sharangovich.
7:33 of 3rd period - Shot Misses the Net.
7:54 of 3rd period - Sean Durzi is hit by Artturi Lehkonen.
8:28 of 3rd period - Wrist shot by Kevin Fiala.
8:28 of 3rd period - Stopped by Justus Annunen without a rebound.
8:29 of 3rd period - Adam Henrique wins face-off versus Jesperi Kotkaniemi in Vancouver Canucks zone.
8:40 of 3rd period - Slapshot by Miro Heiskanen.
8:40 of 3rd period - Stopped by Tristan Jarry with a rebound.
8:42 of 3rd period - Snap shot by Artturi Lehkonen.
8:42 of 3rd period - Shot Misses the Net.
9:32 of 3rd period - Off-side.
9:33 of 3rd period - Casey Mittelstadt wins face-off versus Noel Acciari in neutral zone.
10:41 of 3rd period - Wrist shot by T.J. Oshie.
10:41 of 3rd period - Stopped by Justus Annunen without a rebound.
10:42 of 3rd period - Brandon Tanev wins face-off versus Aku Raty in Vancouver Canucks zone.
10:45 of 3rd period - Slapshot by Max Domi.
10:45 of 3rd period - Stopped by Justus Annunen with a rebound.
10:47 of 3rd period - Wrist shot by T.J. Oshie.
10:47 of 3rd period - Stopped by Justus Annunen without a rebound.
10:48 of 3rd period - Aku Raty wins face-off versus Max Domi in Vancouver Canucks zone.
10:53 of 3rd period - Max Domi is hit by Aku Raty and loses puck.
11:10 of 3rd period - Slapshot by Max Domi.
11:10 of 3rd period - Shot Blocked by Mikko Rantanen.
11:12 of 3rd period - Slapshot by T.J. Oshie.
11:12 of 3rd period - Goal by T.J. Oshie - Vancouver Canucks : 5 - San Jose Sharks : 4.
11:13 of 3rd period - Adam Henrique wins face-off versus Aku Raty in neutral zone.
11:16 of 3rd period - Slapshot by Christopher Tanev.
11:16 of 3rd period - Stopped by Justus Annunen with a rebound.
11:22 of 3rd period - Wrist shot by Yegor Sharangovich.
11:22 of 3rd period - Shot Blocked by Clayton Keller.
11:24 of 3rd period - Slapshot by Marcus Pettersson.
11:24 of 3rd period - Shot Misses the Net.
11:26 of 3rd period - Wrist shot by Adam Henrique.
11:26 of 3rd period - Shot Misses the Net.
11:34 of 3rd period - Minor Penalty to Mikko Rantanen for High sticking.
11:35 of 3rd period - Casey Mittelstadt wins face-off versus Eeli Tolvanen in Vancouver Canucks zone.
11:35 of 3rd period - Casey Mittelstadt is hit by Matthew Knies.
12:05 of 3rd period - Off-side.
12:06 of 3rd period - Casey Mittelstadt wins face-off versus Adam Henrique in neutral zone.
12:22 of 3rd period - Icing by Sean Durzi.
12:23 of 3rd period - Artturi Lehkonen wins face-off versus Matthew Knies in San Jose Sharks zone.
12:34 of 3rd period - Casey Mittelstadt is hit by Eeli Tolvanen and loses puck.
13:34 of 3rd period - Penalty to Mikko Rantanen is over, Mikko Rantanen is back on ice.
13:43 of 3rd period - Wrist shot by Max Domi.
13:43 of 3rd period - Stopped by Justus Annunen with a rebound.
13:45 of 3rd period - Slapshot by Alec Martinez.
13:45 of 3rd period - Shot Misses the Net.
13:47 of 3rd period - Backhand shot by Alec Martinez.
13:47 of 3rd period - Shot Misses the Net.
13:49 of 3rd period - Slapshot by Max Domi.
13:49 of 3rd period - Stopped by Justus Annunen with a rebound.
14:16 of 3rd period - Icing by Artturi Lehkonen.
14:17 of 3rd period - Ilya Mikheyev wins face-off versus Jesperi Kotkaniemi in Vancouver Canucks zone.
14:28 of 3rd period - Wrist shot by Matthew Knies.
14:28 of 3rd period - Shot Misses the Net.
14:37 of 3rd period - Icing by Connor Zary.
14:38 of 3rd period - Adam Henrique wins face-off versus Aku Raty in Vancouver Canucks zone.
14:43 of 3rd period - Snap shot by Kevin Fiala.
14:43 of 3rd period - Stopped by Justus Annunen with a rebound.
14:45 of 3rd period - Wrist shot by Kevin Fiala.
14:45 of 3rd period - Shot Misses the Net.
14:47 of 3rd period - Snap shot by Adam Henrique.
14:47 of 3rd period - Shot Misses the Net.
14:49 of 3rd period - Slapshot by Connor Murphy.
14:49 of 3rd period - Shot Blocked by Chad Ruhwedel.
14:51 of 3rd period - Slapshot by Sean Durzi.
14:51 of 3rd period - Stopped by Justus Annunen with a rebound.
14:53 of 3rd period - Snap shot by Adam Henrique.
14:53 of 3rd period - Stopped by Justus Annunen without a rebound.
14:54 of 3rd period - Jesperi Kotkaniemi wins face-off versus Ilya Mikheyev in Vancouver Canucks zone.
15:48 of 3rd period - Snap shot by Marcus Pettersson.
15:48 of 3rd period - Shot Misses the Net.
16:28 of 3rd period - Wrist shot by Matthew Knies.
16:28 of 3rd period - Deflect By Casey Mittelstadt.
16:28 of 3rd period - Stopped by Justus Annunen with a rebound.
17:25 of 3rd period - Snap shot by Clayton Keller.
17:25 of 3rd period - Shot Blocked by Connor Murphy.
17:27 of 3rd period - Slapshot by Aku Raty.
17:27 of 3rd period - Goal by Aku Raty - Vancouver Canucks : 6 - San Jose Sharks : 4.
17:28 of 3rd period - Max Domi wins face-off versus Aku Raty in neutral zone.
17:37 of 3rd period - Snap shot by T.J. Oshie.
17:37 of 3rd period - Shot Misses the Net.
17:39 of 3rd period - Slapshot by Connor Murphy.
17:39 of 3rd period - Deflect By T.J. Oshie.
17:39 of 3rd period - Shot Misses the Net.
17:39 of 3rd period - Puck is out of play.
17:40 of 3rd period - Aku Raty wins face-off versus Max Domi in Vancouver Canucks zone.
18:05 of 3rd period - Calle Jarnkrok is hit by Casey Mittelstadt and loses puck.
18:10 of 3rd period - Snap shot by Casey Mittelstadt.
18:10 of 3rd period - Shot Misses the Net.
18:32 of 3rd period - Sean Durzi is hit by Ryan McDonagh and loses puck.
19:11 of 3rd period - Clayton Keller is hit by Connor Murphy and loses puck.
19:55 of 3rd period - Alec Martinez is hit by Anton Lundell and loses puck.
Goals for this period are 1 for Vancouver Canucks vs 2 for San Jose Sharks.
Shots for this period are 3 for Vancouver Canucks vs 19 for San Jose Sharks.
Back to the Top